NCAA
TEXAS CHRISTIAN HORNED FROGS @ TEXAS TECH RED RAIDERS
05/04/2025
 
TOP OF THE 1ST
Texas Christian Horned Frogs batting - Pitching for Texas Tech Red Raiders : LHP Bryan Richardson
Pitching: LHP Bryan Richardson
Batting: LHB José Garza 0-0: Fly out, F4 (Line Drive, 4)
Batting: RHB Bernard Samuels 0-0: Called Strike
0-1: Ground out 5-3 (Groundball, 56)
Batting: LHB Miguel Martínez 0-0: Foul Ball, location: 2F
0-1: Swinging Strike
0-2: Ball
1-2: Foul Ball, location: 2F
1-2: Ball
2-2: Ball
3-2: Strikes out swinging
Top of the 1st over - 0 run(s), 0 hit(s), 0 error(s), 0 left on base; Texas Christian 0 - Texas Tech 0
BOTTOM OF THE 1ST
Texas Tech Red Raiders batting - Pitching for Texas Christian Horned Frogs : LHP Ralph Johnson
Pitching: LHP Ralph Johnson
Batting: RHB Casey Fox 0-0: Ball
1-0: Called Strike
1-1: Foul Ball, location: 2F
1-2: Ball
2-2: SOLO HOME RUN (Flyball, 7LD), Distance : 330 ft
Batting: RHB Greg Hansen 0-0: Ground out 6-3 (Groundball, 56)
Batting: RHB Donovan James 0-0: Called Strike
0-1: Ball
1-1: Fly out, F8 (Line Drive, 8RM)
Batting: SHB Mike Miller 0-0: DOUBLE (Flyball, 7M)
Batting: RHB Jorge Calderón 0-0: Ball
1-0: Ball
2-0: Ball
3-0: Called Strike
3-1: Foul Ball, location: 2F
3-2: Fly out, F9 (Flyball, 89M)
Bottom of the 1st over - 1 run(s), 2 hit(s), 0 error(s), 1 left on base; Texas Christian 0 - Texas Tech 1
TOP OF THE 2ND
Texas Christian Horned Frogs batting - Pitching for Texas Tech Red Raiders : LHP Bryan Richardson
Batting: RHB Anthony Walsh 0-0: Ball
1-0: Ball
2-0: Ball
3-0: Called Strike
3-1: Swinging Strike
3-2: Ground out 3-1 (Groundball, 34)
Batting: LHB Ryan Flynn 0-0: Ball
1-0: Foul Ball, location: 2F
1-1: Ball
2-1: Swinging Strike
2-2: Foul Ball, location: 2F
2-2: Ball
3-2: Foul Ball, location: 2F
3-2: Base on Balls
Batting: RHB Bob McDonald 0-0: Called Strike
0-1: Ball
1-1: Ball
2-1: Called Strike
2-2: Ball
Ryan Flynn is caught stealing 2nd base
3-2: SINGLE (Groundball, 4MD)
Batting: RHB Stan Webb 0-0: Ball
1-0: Ball
2-0: Called Strike
2-1: Called Strike
2-2: Ball
3-2: Foul Ball, location: 2F
3-2: Strikes out looking
Top of the 2nd over - 0 run(s), 1 hit(s), 0 error(s), 1 left on base; Texas Christian 0 - Texas Tech 1
BOTTOM OF THE 2ND
Texas Tech Red Raiders batting - Pitching for Texas Christian Horned Frogs : LHP Ralph Johnson
Batting: RHB Mark Joseph 0-0: Ball
1-0: Ball
2-0: Ball
3-0: Base on Balls
Batting: LHB Jeff Barnes 0-0: Called Strike
0-1: Ball
1-1: Called Strike
1-2: Fielders Choice at 2nd, 4-6 (Groundball, 4)
Now at SS: Francisco Fernández
Batting: RHB Lúcio Sánchez 0-0: Ball
1-0: Called Strike
1-1: Ball
2-1: Fly out, F7 (Flyball, 7M)
2-1: Fly out, F7 (Flyball, 7M)
Batting: RHB Gary Miller 0-0: SINGLE (Groundball, 6MD)
Jeff Barnes to second
Runner from 2nd tries for 3rd, SAFE, throw made to third
Batting: RHB Casey Fox 0-0: Ball
1-0: Foul Ball, location: 2F
1-1: Foul Ball, location: 2F
1-2: Foul Ball, location: 2F
1-2: Ball
2-2: Hit by Pitch
Gary Miller to second
Batting: RHB Greg Hansen 0-0: Ball
1-0: Called Strike
1-1: Swinging Strike
1-2: SINGLE (Line Drive, 7S)
Jeff Barnes scores
Gary Miller to third
Casey Fox to second
Runner from 3rd tries for Home, SAFE, no throw or cutoff
Batting: RHB Donovan James 0-0: Ball
1-0: Foul Ball, location: 2F
1-1: Called Strike
1-2: Ball
2-2: Ball
3-2: Foul Ball, location: 2F
3-2: Strikes out swinging
Bottom of the 2nd over - 2 run(s), 2 hit(s), 0 error(s), 2 left on base; Texas Christian 0 - Texas Tech 3
TOP OF THE 3RD
Texas Christian Horned Frogs batting - Pitching for Texas Tech Red Raiders : LHP Bryan Richardson
Batting: SHB Robbie Rhodes 0-0: Called Strike
0-1: Ball
1-1: Ball
2-1: Foul Ball, location: 2F
2-2: Foul Ball, location: 2F
2-2: Ball
3-2: Foul Ball, location: 2F
3-2: Fly out, F7 (Flyball, 78S)
Batting: RHB Francisco Fernández 0-0: Foul Ball, location: 2F
0-1: Ball
1-1: Ball
2-1: Called Strike
2-2: Ball
3-2: Foul Ball, location: 2F
3-2: Ground out 6-3 (Groundball, 6M)
Batting: LHB José Garza 0-0: Called Strike
0-1: Called Strike
0-2: Strikes out swinging
Top of the 3rd over - 0 run(s), 0 hit(s), 0 error(s), 0 left on base; Texas Christian 0 - Texas Tech 3
BOTTOM OF THE 3RD
Texas Tech Red Raiders batting - Pitching for Texas Christian Horned Frogs : LHP Ralph Johnson
Batting: SHB Mike Miller 0-0: Swinging Strike
0-1: Ball
1-1: Ball
2-1: Ball
3-1: Ground out 6-3 (Groundball, 6)
Batting: RHB Jorge Calderón 0-0: Called Strike
0-1: Swinging Strike
0-2: TRIPLE (Flyball, 78M)
Batting: RHB Mark Joseph 0-0: Called Strike
0-1: Ball
1-1: Foul Ball, location: 2F
1-2: Foul Ball, location: 2F
1-2: Foul Ball, location: 2F
1-2: Ball
2-2: Strikes out swinging
Batting: LHB Jeff Barnes 0-0: Ball
1-0: Fly out, F8 (Line Drive, 8RS)
Bottom of the 3rd over - 0 run(s), 1 hit(s), 0 error(s), 1 left on base; Texas Christian 0 - Texas Tech 3
TOP OF THE 4TH
Texas Christian Horned Frogs batting - Pitching for Texas Tech Red Raiders : LHP Bryan Richardson
Batting: RHB Bernard Samuels 0-0: Ball
1-0: Ball
2-0: Ball
3-0: Called Strike
3-1: Ground out 6-3 (Groundball, 6M)
Batting: LHB Miguel Martínez 0-0: Ball
1-0: SINGLE (Line Drive, 8LS)
Batting: RHB Anthony Walsh 0-0: Foul Ball, location: 2F
0-1: Ball
1-1: Ball
2-1: Fly out, F1 (Popup, 25)
Batting: LHB Ryan Flynn 0-0: Called Strike
0-1: Called Strike
0-2: Foul Ball, location: 2F
0-2: Ball
1-2: Ball
2-2: Strikes out swinging
Top of the 4th over - 0 run(s), 1 hit(s), 0 error(s), 1 left on base; Texas Christian 0 - Texas Tech 3
BOTTOM OF THE 4TH
Texas Tech Red Raiders batting - Pitching for Texas Christian Horned Frogs : LHP Ralph Johnson
Batting: RHB Lúcio Sánchez 0-0: Ball
1-0: Fly out, F5 (Popup, 56S)
Batting: RHB Gary Miller 0-0: Called Strike
0-1: Foul Ball, location: 2F
0-2: Ball
1-2: Fly out, F7 (Flyball, 7M)
Batting: RHB Casey Fox 0-0: Ball
1-0: Ball
2-0: SINGLE (Groundball, 56)
Batting: RHB Greg Hansen 0-0: Ball
1-0: Foul Ball, location: 2F
1-1: Foul Ball, location: 2F
1-2: Ground out U3 (Groundball, 3S)
Bottom of the 4th over - 0 run(s), 1 hit(s), 0 error(s), 1 left on base; Texas Christian 0 - Texas Tech 3
TOP OF THE 5TH
Texas Christian Horned Frogs batting - Pitching for Texas Tech Red Raiders : LHP Bryan Richardson
Batting: RHB Bob McDonald 0-0: Ball
1-0: Called Strike
1-1: Called Strike
1-2: Ball
2-2: Ball
3-2: Base on Balls
Batting: RHB Stan Webb 0-0: Ball
1-0: Ball
2-0: Ball
3-0: Base on Balls
Bob McDonald to second
Pitching: RHP Ramón Árias
Batting: SHB Robbie Rhodes 0-0: Called Strike
0-1: Fly out, F6 (Popup, 6D)
Batting: RHB Francisco Fernández 0-0: Ball
1-0: Grounds into double play, U6-3 (Groundball, 6M)
Top of the 5th over - 0 run(s), 0 hit(s), 0 error(s), 1 left on base; Texas Christian 0 - Texas Tech 3
BOTTOM OF THE 5TH
Texas Tech Red Raiders batting - Pitching for Texas Christian Horned Frogs : LHP Ralph Johnson
Batting: RHB Donovan James 0-0: Foul Ball, location: 2F
0-1: Ball
1-1: Foul Ball, location: 2F
1-2: Foul Ball, location: 2F
1-2: Ball
2-2: Foul Ball, location: 2F
2-2: Ball
3-2: SINGLE (Line Drive, 6M)
Pitching: RHP Carlos Hernández
Batting: SHB Mike Miller 0-0: Fly out, F8 (Popup, 4MD)
Batting: RHB Jorge Calderón 0-0: Ball
1-0: Fly out, F7 (Flyball, 7LM)
Batting: RHB Mark Joseph 0-0: Ball
1-0: SINGLE (Groundball, 6D)
Donovan James to second
Batting: LHB Jeff Barnes 0-0: SINGLE (Groundball, 56)
Donovan James to third
Mark Joseph to second
Runner from 3rd tries for Home, SAFE, no throw or cutoff
Batting: RHB Lúcio Sánchez 0-0: 3-RUN HOME RUN (Flyball, 7D), Distance : 365 ft
Batting: RHB Gary Miller 0-0: SOLO HOME RUN (Flyball, 7D), Distance : 355 ft
Pitching: LHP Brian Brown
Batting: RHB Casey Fox 0-0: Fly out, F3 (Popup, 3S)
Bottom of the 5th over - 5 run(s), 5 hit(s), 0 error(s), 0 left on base; Texas Christian 0 - Texas Tech 8
TOP OF THE 6TH
Texas Christian Horned Frogs batting - Pitching for Texas Tech Red Raiders : RHP Ramón Árias
Batting: LHB José Garza 0-0: Called Strike
0-1: Ball
1-1: Ball
2-1: Ball
3-1: Fly out, F8 (Line Drive, 78D)
Batting: RHB Bernard Samuels 0-0: Ball
1-0: Foul Ball, location: 2F
1-1: Swinging Strike
1-2: Strikes out swinging
Batting: LHB Miguel Martínez 0-0: Ball
1-0: Ball
2-0: Swinging Strike
2-1: Swinging Strike
2-2: Ball
3-2: Base on Balls
Batting: RHB Anthony Walsh 0-0: Ball
1-0: Ball
2-0: Ground out 5-3 (Groundball, 56S)
Top of the 6th over - 0 run(s), 0 hit(s), 0 error(s), 1 left on base; Texas Christian 0 - Texas Tech 8
BOTTOM OF THE 6TH
Texas Tech Red Raiders batting - Pitching for Texas Christian Horned Frogs : LHP Brian Brown
Batting: RHB Greg Hansen 0-0: Ball
1-0: Ball
2-0: Called Strike
2-1: Foul Ball, location: 2F
2-2: Ground out 1-3 (Groundball, 13S)
Batting: RHB Donovan James 0-0: SINGLE (Line Drive, 6MD)
Batting: SHB Mike Miller 0-0: Called Strike
0-1: Ball
Donovan James steals 2nd base
1-1: 2-RUN HOME RUN (Flyball, 8LXD), Distance : 388 ft
Batting: RHB Jorge Calderón 0-0: Reached on error, E5 (Groundball, 56)
Batting: RHB Mark Joseph 0-0: Ball
1-0: Called Strike
1-1: Ball
2-1: Ball
3-1: Grounds into double play, 5-4-3 (Groundball, 5)
Bottom of the 6th over - 2 run(s), 2 hit(s), 1 error(s), 0 left on base; Texas Christian 0 - Texas Tech 10
TOP OF THE 7TH
Texas Christian Horned Frogs batting - Pitching for Texas Tech Red Raiders : RHP Ramón Árias
Pitching: LHP Robbie Dodson
Batting: LHB Ryan Flynn 0-0: Called Strike
0-1: SINGLE (Line Drive, 4MD)
Batting: RHB Bob McDonald 0-0: Ball
1-0: Called Strike
1-1: Ball
2-1: Ball
3-1: Base on Balls
Ryan Flynn to second
Batting: RHB Stan Webb 0-0: Ball
1-0: Fielders Choice at 2nd, 3-6 (Groundball, 3)
Ryan Flynn to third
Batting: SHB Robbie Rhodes 0-0: Ball
1-0: Called Strike
1-1: Ball
2-1: Ball
3-1: Called Strike
3-2: Strikes out swinging
Batting: RHB Francisco Fernández 0-0: Ground out 4-3 (Groundball, 4)
Top of the 7th over - 0 run(s), 1 hit(s), 0 error(s), 2 left on base; Texas Christian 0 - Texas Tech 10
BOTTOM OF THE 7TH
Texas Tech Red Raiders batting - Pitching for Texas Christian Horned Frogs : LHP Brian Brown
Batting: LHB Jeff Barnes 0-0: Called Strike
0-1: SINGLE (Groundball, 34D)
Batting: RHB Lúcio Sánchez 0-0: Sac Bunt - play at first, batter OUT! 1-3
Jeff Barnes to second
Batting: RHB Gary Miller 0-0: Called Strike
Passed Ball!
Jeff Barnes to third
0-1: Ball
1-1: Ball
2-1: Foul Ball, location: 2F
2-2: Foul Ball, location: 2F
2-2: Foul Ball, location: 2F
2-2: Ground out 5-3 (Groundball, 5S)
Batting: RHB Casey Fox 0-0: Fly out, F9 (Flyball, 9M)
Bottom of the 7th over - 0 run(s), 1 hit(s), 0 error(s), 1 left on base; Texas Christian 0 - Texas Tech 10
TOP OF THE 8TH
Texas Christian Horned Frogs batting - Pitching for Texas Tech Red Raiders : LHP Robbie Dodson
Now in LF: Travis Ezell
Batting: LHB José Garza 0-0: Fly out, F6 (Popup, 6M)
Batting: RHB Bernard Samuels 0-0: Ball
1-0: SINGLE (Groundball, 56D)
Batting: LHB Miguel Martínez 0-0: Foul Ball, location: 2F
0-1: Foul Ball, location: 2F
0-2: Hit by Pitch
Bernard Samuels to second
Batting: RHB Anthony Walsh 0-0: Ball
1-0: Grounds into double play, 6-4-3 (Groundball, 6)
Top of the 8th over - 0 run(s), 1 hit(s), 0 error(s), 1 left on base; Texas Christian 0 - Texas Tech 10
BOTTOM OF THE 8TH
Texas Tech Red Raiders batting - Pitching for Texas Christian Horned Frogs : LHP Brian Brown
Pitching: RHP Brian López
Batting: RHB Greg Hansen 0-0: Ball
1-0: Ball
2-0: Ball
3-0: Called Strike
3-1: Ground out 5-3 (Groundball, 5)
Batting: RHB Donovan James 0-0: Swinging Strike
0-1: Ball
1-1: Foul Ball, location: 2F
1-2: Ball
2-2: SINGLE (Groundball, 13) (infield hit)
Batting: SHB Mike Miller 0-0: Swinging Strike
0-1: Ball
1-1: SINGLE (Groundball, 34)
Donovan James to second
Runner from 2nd tries for 3rd, SAFE, no throw or cutoff
Batting: RHB Jorge Calderón 0-0: Called Strike
0-1: Swinging Strike
0-2: Ball
1-2: Foul Ball, location: 2F
1-2: Foul Ball, location: 2F
1-2: Foul Ball, location: 2F
1-2: Strikes out swinging
Batting: RHB Mark Joseph 0-0: Swinging Strike
0-1: Called Strike
0-2: Foul Ball, location: 2F
0-2: Ball
1-2: Reached on error, E6 (Groundball, 6S)
Donovan James scores
Mike Miller to second
Batting: RHB Travis Ezell 0-0: Ball
1-0: Ball
2-0: Called Strike
2-1: Ball
3-1: Called Strike
3-2: Base on Balls
Mike Miller to third
Mark Joseph to second
Batting: RHB Lúcio Sánchez 0-0: Ball
1-0: Ball
2-0: Called Strike
2-1: Ball
3-1: Foul Ball, location: 2F
3-2: Base on Balls
Mike Miller scores
Mark Joseph to third
Travis Ezell to second
Batting: RHB Gary Miller 0-0: Called Strike
0-1: Swinging Strike
0-2: Strikes out swinging
Bottom of the 8th over - 2 run(s), 2 hit(s), 1 error(s), 3 left on base; Texas Christian 0 - Texas Tech 12
TOP OF THE 9TH
Texas Christian Horned Frogs batting - Pitching for Texas Tech Red Raiders : LHP Robbie Dodson
Batting: LHB Ryan Flynn 0-0: Ball
1-0: Ball
2-0: Ball
3-0: Swinging Strike
3-1: Base on Balls
Batting: RHB Bob McDonald 0-0: Fly out, F3 (Popup, 3F)
Pinch Hitting: SHB Matt Pierce 0-0: Called Strike
0-1: Called Strike
0-2: Strikes out swinging
Batting: SHB Robbie Rhodes 0-0: Ball
1-0: Swinging Strike
1-1: Foul Ball, location: 2F
1-2: Ball
2-2: Foul Ball, location: 2F
2-2: Ball
3-2: 2-RUN HOME RUN (Line Drive, 8RD), Distance : 389 ft
Batting: RHB Francisco Fernández 0-0: Fly out, F8 (Flyball, 8LM)
Top of the 9th over - 2 run(s), 1 hit(s), 0 error(s), 0 left on base; Texas Christian 2 - Texas Tech 12
This league is powered by Out of the Park Baseball, the baseball management simulation game for PC, Mac and Linux
Tuesday, August 2nd, 2016 - OOTP Baseball 16.8 Build 38